 Dungeon Crawl Stone Soup version 0.29.0-4-gdea44cf6ec (webtiles) character file.

Game seed: 18033719880622454693

85 qw the Chopper (level 4, -9/26 HPs)
             Began as a Tengu Warper on Aug 28, 2022.
             Mangled by an ogre
             ... wielding a +0 giant spiked club
              (22 damage)
             ... on level 3 of the Dungeon.
             The game lasted 00:00:15 (2355 turns).

qw the Chopper (Tengu Warper)                       Turns: 2355, Time: 00:00:16

Health: -9/26      AC:  8    Str: 13 (14) XL:     4   Next: 48%
Magic:  8/8        EV:  4    Int: 10 (13) God:
Gold:   63         SH:  8    Dex: 16 (19) Spells: 7/7 levels left

rFire   . . .      SeeInvis .   Y - +0 hand axe
rCold   + . .      Faith    .   i - +0 kite shield
rNeg    . . .      Spirit   .   k - +0 chain mail
rPois   .          Reflect  .   (helmet restricted)
rElec   .          Harm     .   (no cloak)
rCorr   .          Rampage  .   (no gloves)
Will    .....                   (boots unavailable)
Stlth   ..........              a - amulet of the acrobat
HPRegen 0.08/turn               l - +6 ring of dexterity
MPRegen 0.11/turn               o - ring of protection from cold

@: no status effects
A: beak, talons 3
a: no special abilities


You were on level 3 of the Dungeon.
You visited 1 branch of the dungeon, and saw 3 of its levels.

You collected 63 gold pieces.


Innate Abilities, Weirdness & Mutations

You have a beak for a mouth.
You have claws for feet.


   Skills:
 - Level 2.0 Fighting
 - Level 4.3 Axes
 - Level 1.0 Throwing
 - Level 1.1 Armour
 - Level 2.1 Dodging
 + Level 2.0 Shields
 - Level 2.0 Spellcasting
 - Level 2.4 Translocations


You had 7 spell levels left.
You didn't know any spells.
Your spell library contained the following spells:

 Spells                   Type           Power      Damage    Failure   Level
 Blink                    Tloc           10%        N/A       100%        2
 Gell's Gravitas          Tloc           5%         N/A       100%        3
 Lesser Beckoning         Tloc           5%         N/A       100%        3
 Teleport Other           Tloc           5%         N/A       100%        3
 Manifold Assault         Tloc           5%         N/A       100%        5

Inventory:

Hand Weapons
 m - a +0 flail
 Y - a +0 hand axe (weapon)
Missiles
 h - a boomerang (quivered)
Armour
 i - a +0 kite shield (worn)
 k - a +0 chain mail (worn)
Jewellery
 a - an amulet of the acrobat (around neck)
 d - a ring of fire
 l - a +6 ring of dexterity (left hand)
 o - a ring of protection from cold (right hand)
Scrolls
 b - a scroll of fear {unknown}
Potions
 f - a potion of lignification {unknown}
 g - a potion of haste
 j - a potion of invisibility {unknown}
 n - a potion of might {unknown}
 p - a potion of mutation {unknown}

Dungeon Overview and Level Annotations

Branches:
Dungeon (3/15)

Altars:


Message History

Press: ? - help, Q - select action Shift-Dir - straight line, f/p - endoplasm Your line of fire to the endoplasm is blocked by a plant.
Throw: boomerang
Press: ? - help, Q - select action Shift-Dir - straight line, f/p - endoplasm Your line of fire to the endoplasm is blocked by a plant.
You hit the endoplasm.
The endoplasm is severely wounded.
You hit the plant.
The plant begins to die.
The endoplasm freezes you.
You are frozen.
You resist.
You hit the endoplasm.
You kill the endoplasm!
You hit the plant.
You start resting.
A nearby plant withers and dies.
HP restored.
Found a stone staircase leading down.
Enter note:
b - a scroll labelled SAXACL GAHI As you open the door, it creaks loudly!
There is an open door here.
You open the door.
There is an open door here.
An ogre comes into view. It is wielding a +0 giant spiked club.
The ogre shouts!
You hear an angry hiss.
A frilled lizard comes into view.
Enter note:
Enter note: Throw: boomerang
Press: ? - help, Q - select action Shift-Dir - straight line, f - ogre You throw a boomerang.
The boomerang hits the ogre.
The ogre is lightly wounded.
You barely miss the ogre. Your peck misses the ogre.
The ogre hits you with a +0 giant spiked club!
Ouch! That really hurt!
You hit the ogre. You claw the ogre. You peck the ogre.
The ogre is moderately wounded.
The ogre hits you with a +0 giant spiked club!!
Ouch! That really hurt!
You die...

#.#...#.#...........#
###...#.#############
. #####.# .. #.# ...
##'## .... #...#
.....####...#
......O.#...# #@#...#
#.##'## #..#.# ##...#
##..# ##.# #..# ##...
....


You could see an ogre.

Vanquished Creatures
  2 adders
  A gnoll (D:1)
  2 dart slugs
  3 ball pythons (D:1)
  7 endoplasms
  4 giant cockroaches
  5 goblins
  6 hobgoblins
  3 jackals (D:2)
  5 kobolds
  A quokka (D:1)
  3 bats (D:1)
  A frilled lizard (D:1)
  2 rats (D:1)
45 creatures vanquished.

Vanquished Creatures (others)
  82 plants
82 creatures vanquished.

Grand Total: 127 creatures vanquished

Notes
Turn   | Place    | Note
-------+----------+-------------------------------------------
     0 | D:1      | qw the Tengu Warper began the quest for the Orb.
     0 | D:1      | Reached XP level 1. HP: 12/12 MP: 4/4
     0 | D:1      | 0 ||| qw: Version: 0.1-a-89-g26bdef1
     0 | D:1      | 0 ||| qw: Game counter: 781
     0 | D:1      | 0 ||| qw: Always use a shield: true
     0 | D:1      | 0 ||| qw: God list: Okawaru
     0 | D:1      | 0 ||| qw: Allow faded altars: false
     0 | D:1      | 0 ||| qw: Do Orc after D:15 true
     0 | D:1      | 0 ||| qw: Do second Lair branch before Depths: true
     0 | D:1      | 0 ||| qw: Lair rune preference: random
     0 | D:1      | 0 ||| qw: Plans: Normal
     0 | D:1      | 0 ||| PLANNING D:1-11
   149 | D:1      | Reached skill level 3 in Axes
   149 | D:1      | Reached XP level 2. HP: 14/17 MP: 6/6
   220 | D:1      | 220 ||| Stepping ~*~*~tactically~*~*~ (stealth).
   501 | D:1      | 501 ||| Stepping ~*~*~tactically~*~*~ (stealth).
   502 | D:1      | 502 ||| Stepping ~*~*~tactically~*~*~ (stealth).
   536 | D:1      | 536 ||| Stepping ~*~*~tactically~*~*~ (stealth).
   678 | D:1      | Reached XP level 3. HP: 21/21 MP: 7/7
   725 | D:1      | Reached skill level 4 in Axes
  1250 | D:1      | 1250 ||| UPGRADING to +0 kite shield.
  1255 | D:1      | 1255 ||| UPGRADING to +0 chain mail.
  1265 | D:1      | 1265 ||| DROPPING +0 leather armour.
  1266 | D:1      | 1266 ||| UPGRADING to +6 ring of dexterity.
  1267 | D:1      | 1267 ||| DROPPING ring of magical power.
  1268 | D:1      | 1268 ||| READING scroll labelled OTIURHOCHIMP.
  1269 | D:1      | 1269 ||| DROPPING scroll of blinking.
  1305 | D:2      | 1305 ||| Stepping ~*~*~tactically~*~*~ (hiding).
  1506 | D:2      | 1506 ||| DROPPING +0 mace.
  1547 | D:2      | Found a faded altar of an unknown god.
  1573 | D:2      | 1573 ||| Stepping ~*~*~tactically~*~*~ (stealth).
  1574 | D:2      | 1574 ||| Stepping ~*~*~tactically~*~*~ (stealth).
  1604 | D:2      | Reached skill level 1 in Shields
  1604 | D:2      | Reached XP level 4. HP: 24/26 MP: 8/8
  1632 | D:2      | 1632 ||| Stepping ~*~*~tactically~*~*~ (stealth).
  1633 | D:2      | 1633 ||| Stepping ~*~*~tactically~*~*~ (stealth).
  1677 | D:2      | 1677 ||| Stepping ~*~*~tactically~*~*~ (hiding).
  2044 | D:2      | 2044 ||| UPGRADING to amulet of the acrobat.
  2049 | D:2      | 2049 ||| UPGRADING to ring of protection from cold.
  2050 | D:2      | 2050 ||| READING scroll labelled TAURAO TOEZXOI.
  2051 | D:2      | 2051 ||| READING scroll labelled GAOTUSATAI.
  2052 | D:2      | 2052 ||| READING scroll labelled GULUVV ISKU.
  2153 | D:2      | 2153 ||| DRINKING 2 clear potions.
  2154 | D:2      | 2154 ||| DRINKING 2 coppery potions.
  2155 | D:2      | 2155 ||| DROPPING potion of degeneration.
  2351 | D:3      | Noticed an ogre
  2355 | D:3      | Mangled by an ogre

Levels and vault maps discovered:
D:1:      roderic_crop_circles_arrival_small, layout_loops_ring,
          nicolae_grassy_gnolls
D:2:      layout_rooms, shapermc_ecumenical_altar_acropolis, lemuel_flame_loot_1
D:3:      layout_basic, chequers_serial_rivers_marsh, serial_bayou_pond_a,
          pf_guarded_unrand_delatra

Skill      XL: |  1  2  3  4 |
---------------+-------------+-----
Axes           | 3 4 |  4.3
Shields        | 1 2 |  2.0
Fighting       | |  2.0
Throwing       | |  1.0
Armour         | |  1.1
Dodging        | |  2.1
Spellcasting   | |  2.0
Translocations | |  2.4

Action                   |  1- 3 |  4- 6 || total
-------------------------+-------+-------++-------
Melee: Hand axe          |    72 |    25 ||    97
       Kick              |    15 |     9 ||    24
       Peck              |    10 |     4 ||    14
Throw: Boomerang         |    41 |     3 ||    44
  Use: Scroll            |     1 |     3 ||     4
       Potion            |       |     2 ||     2
Armor: Leather armour    |    22 |       ||    22
       Chain mail        |     4 |    15 ||    19
Dodge: Dodged            |    42 |     4 ||    46
Block: Kite shield       |     6 |     4 ||    10

Table legend:
 A = Non-vault XP
 B = Vault XP
 C = Vault XP percentage of total XP
 D = Non-vault monster count
 E = Vault monster count
 F = Vault count percentage of total count
                 A         B        C        D         E       F
            +---------+---------+-------+---------+---------+-------
      Total |     108 |      14 |  11.5 |      44 |       1 |   2.2
            +---------+---------+-------+---------+---------+-------
        D:1 |      53 |      14 |  20.9 |      29 |       1 |   3.3
        D:2 |      36 |       0 |   0.0 |      11 |       0 |   0.0
        D:3 |      19 |       0 |   0.0 |       4 |       0 |   0.0
            +---------+---------+-------+---------+---------+-------
